 Dungeon Crawl Stone Soup version 0.28-a0-479-g5baa6b73be (webtiles) character file.

Game seed: 6253096982980874202

85 timneilson the Conjurer (level 4, 0/24 HPs)
             Began as a Deep Elf Conjurer on Sept 18, 2021.
             Slain by Sigmund (9 damage)
             ... on level 2 of the Dungeon.
             The game lasted 00:04:44 (1405 turns).

timneilson the Conjurer (Deep Elf Conjurer)         Turns: 1405, Time: 00:04:45

Health: 0/24       AC:  2    Str:  5    XL:     4   Next: 25%
Magic:  1/11       EV: 12    Int: 23    God:
Gold:   94         SH:  0    Dex: 13    Spells: 7/10 levels left

rFire   . . .      SeeInvis .   c - +3 hand axe (vorpal)
rCold   . . .      Faith    .   (no shield)
rNeg    . . .      Spirit   .   a - +0 robe
rPois   .          Reflect  .   (no helmet)
rElec   .          Harm     .   (no cloak)
rCorr   .          Rampage  .   (no gloves)
Will    .....                   (no boots)
Stlth   ++........              (no amulet)
HPRegen 0.08/turn               (no ring)
MPRegen 0.12/turn               (no ring)

@: no status effects
A: no striking features
a: no special abilities


You were on level 2 of the Dungeon.
You visited 1 branch of the dungeon, and saw 2 of its levels.

You collected 94 gold pieces.

Inventory:

Hand Weapons
 c - a +3 vorpal hand axe (weapon)
Armour
 a - a +0 robe (worn)
Jewellery
 d - a ring of fire
Scrolls
 b - a scroll of enchant armour {unknown}
 f - a scroll of identify {unknown}
Potions
 e - 4 potions of curing {unknown}
 g - a potion of heal wounds {unknown}
 i - a potion of attraction {unknown}


   Skills:
 + Level 0.6 Fighting
 + Level 0.7 Armour
 + Level 3.0 Dodging
 + Level 3.0 Stealth
 * Level 3.8 Spellcasting
 * Level 4.8 Conjurations
 + Level 1.1 Hexes
 + Level 1.0 Translocations


You had 7 spell levels left.
You knew the following spells:

 Your Spells              Type           Power      Damage    Failure   Level
a - Magic Dart            Conj           100%       1d8       1%          1
b - Searing Ray           Conj           52%        2d6       2%          2

Your spell library contained the following spells:

 Spells                   Type           Power      Damage    Failure   Level
 Dazzling Flash           Conj/Hex       36%        N/A       10%         3
 Fulminant Prism          Conj/Hex       9%         3d7       30%         4
 Iskenderun's Mystic Bla  Conj/Tloc      17%        2d5       32%         4


Dungeon Overview and Level Annotations

Branches:
Dungeon (2/15)

Altars:
Makhleb

Annotations:
D:2 Sigmund


Message History

A kobold comes into view. It is wielding a +0 dagger.
The searing ray hits Sigmund.
Sigmund is heavily wounded.
You finish channelling your searing ray.
Sigmund closely misses you.
Casting: Searing Ray (safe; 2% risk of failure)
Confirm with . or Enter, or press ? or * to list all spells.
Aiming: Searing Ray (safe; 2% risk of failure)
Press: ? - help, Shift-Dir - straight line, f/p - Sigmund
Aim: Sigmund, wielding a +0 scythe and wearing a +0 robe (heavily wounded, 77% to hit)
The searing ray hits Sigmund.
Sigmund is heavily wounded. (Press . to maintain the ray.) Sigmund misses you.
The searing ray hits Sigmund.
Sigmund is severely wounded.
The searing ray misses Sigmund.
Sigmund says, "Don't worry, I'll kill you fast."
Sigmund misses you.
The searing ray misses Sigmund.
You finish channelling your searing ray.
Sigmund gestures at you while chanting. You resist with some effort.
Casting: Searing Ray (safe; 2% risk of failure)
Confirm with . or Enter, or press ? or * to list all spells.
You don't have enough magic to cast this spell.
Casting: Searing Ray (safe; 2% risk of failure)
Confirm with . or Enter, or press ? or * to list all spells.
Aiming: Magic Dart (safe; 1% risk of failure)
Press: ? - help, Shift-Dir - straight line, f/p - Sigmund
Aim: Sigmund, wielding a +0 scythe and wearing a +0 robe (severely wounded, 100% to hit)
The magic dart hits Sigmund.
Sigmund is almost dead.
Sigmund mumbles some strange words.
Sigmund flickers and vanishes!
Deactivating autopickup; reactivate with Ctrl-A.
The kobold misses you. Something hits you.
You closely miss something. You barely miss the kobold.
The kobold barely misses you. Something hits you!
You die...

......# #...........
......####..............
........................
........#...............
............######......
............)..# ......
.......<.......###......
.................K......
................@{......
##.....#..............#.
##....#.......##....##
#..###.......# ....# #..
#.......# ....# ###
#.....$.# ....#
######### ....# #####


You could see a kobold.

Vanquished Creatures
  Terence (D:2)
  2 adders (D:2)
  4 ball pythons
  3 endoplasms (D:1)
  A giant cockroach (D:1)
  4 goblins (D:1)
  6 hobgoblins (D:1)
  4 jackals (D:1)
  2 quokkas (D:1)
  A bat (D:1)
  2 frilled lizards
  4 kobolds
  4 rats
38 creatures vanquished.

Notes
Turn   | Place    | Note
-------+----------+-------------------------------------------
     0 | D:1      | timneilson the Deep Elf Conjurer began the quest for the
                  | Orb.
     0 | D:1      | Reached XP level 1. HP: 10/10 MP: 6/6
    10 | D:1      | Found a burning altar of Makhleb.
   157 | D:1      | Reached XP level 2. HP: 15/15 MP: 6/8
   180 | D:1      | Learned a level 2 spell: Searing Ray
   469 | D:1      | Reached XP level 3. HP: 19/19 MP: 6/10
  1008 | D:2      | Noticed Terence
  1017 | D:2      | Killed Terence
  1018 | D:2      | Reached skill level 1 in Hexes
  1018 | D:2      | Reached skill level 1 in Translocations
  1018 | D:2      | Reached XP level 4. HP: 3/24 MP: 0/11
  1392 | D:2      | Noticed Sigmund
  1405 | D:2      | Slain by Sigmund

Illustrated notes

Levels and vault maps discovered:
D:1:      scummos_arrival_hexagon, layout_rooms, serial_glass, glass_columns_b,
          glass_columns_a, serial_park_tiny_2, kennysheep_flooded_box,
          minmay_split_cup_large
D:2:      layout_basic, hellmonk_ecumenical_altar_prayer_group, uniq_terence,
          uniq_sigmund

Skill      XL: |  1  2  3  4 |
---------------+-------------+-----
Stealth        | 3 |  3.0
Hexes          | 1 |  1.1
Translocations | 1 |  1.0
Dodging        | 3 |  3.0
Fighting       | |  0.6
Armour         | |  0.7
Spellcasting   | |  3.8
Conjurations   | |  4.8

Action                   |  1- 3 |  4- 6 || total
-------------------------+-------+-------++-------
Melee: Hand axe          |       |     1 ||     1
 Cast: Magic Dart        |    53 |     6 ||    59
       Searing Ray       |     4 |     2 ||     6
  Use: Scroll            |     4 |       ||     4
Dodge: Dodged            |     1 |     5 ||     6

Table legend: (Time is in decaauts)
 A = Elapsed time spent in this place.
 B = Non-inter-level travel time spent in this place.
 C = Inter-level travel time spent in this place.
 D = Time resting spent in this place.
 E = Time spent auto-exploring this place.
 F = Levels seen in this place.
 G = Mean time per level.
                   A        B        C        D        E       F      G
               +--------+--------+--------+--------+--------+-----+--------+
         Total |   1403 |   1389 |     14 |    335 |    807 |   2 |  701.5 |
       Dungeon |   1403 |   1389 |     14 |    335 |    807 |   2 |  701.5 |
               +--------+--------+--------+--------+--------+-----+--------+

Top non-repeatable levels by time:
     D:1: 874 daAuts
     D:2: 529 daAuts
